 Dungeon Crawl Stone Soup version 0.18-a0-82-gaf82852 (webtiles) character file.

53 QuinteeJr the Ducker (level 3, 0/36 HPs)
             Began as a Troll Berserker on Nov 13, 2015.
             Was a Believer of Trog.
             Slain by a gnoll
             ... wielding a +0 spear
              (4 damage)
             ... on level 3 of the Dungeon.
             The game lasted 00:09:33 (1507 turns).

QuinteeJr the Ducker (Troll Berserker)              Turns: 1507, Time: 00:09:34

Health: 0/36       AC:  5    Str: 26    XL:     3   Next: 64%
Magic:  2/2        EV: 10    Int:  3    God:    Trog [**....]
Gold:   40         SH:  0    Dex:  9    Spells: 0 memorised, 2 levels left

rFire  . . .     SeeInvis .     j - +0 flail
rCold  . . .     Clarity  .     b - +0 animal skin
rNeg   . . .     SustAt   .     (no shield)
rPois  .         Gourm    +     (helmet restricted)
rElec  .         Spirit   .     (no cloak)
rCorr  .         Warding  .     (gloves unavailable)
rMut   .         Stasis   .     (boots unavailable)
MR     .....                    (no amulet)
Stlth  +.........               (no ring)
                                (no ring)

@: starving, not resistant to hostile enchantments, very unstealthy
A: unfitting armour, claws 3, fast metabolism 3, gourmand, regeneration 2,
shaggy fur 1, tough skin 2
a: Berserk, Trog's Hand, Burn Spellbooks, Renounce Religion


You were on level 3 of the Dungeon.
You worshipped Trog.
Trog was pleased with you.
You were starving.

You visited 1 branch of the dungeon, and saw 3 of its levels.

You collected 40 gold pieces.

Inventory:

Hand Weapons
 a - a +0 spear
 g - a +0 hunting sling
 j - a +0 flail (weapon)
Armour
 b - a +0 animal skin (worn)
 e - a +0 plate armour
Scrolls
 c - a scroll of immolation {unknown}
 f - a scroll of remove curse {unknown}
 h - a scroll of identify {unknown}
 i - a scroll of magic mapping {unknown}
Potions
 d - a potion of lignification {unknown}


   Skills:
 + Level 2.7 Fighting
 + Level 2.7 Polearms
 + Level 3.2 Dodging
 + Level 0.2 Stealth


You had 2 spell levels left.
You didn't know any spells.

Dungeon Overview and Level Annotations

Branches:
Dungeon (3/15)

Altars:


Innate Abilities, Weirdness & Mutations

You are too large for most types of armour.
You have claws for hands.
Your metabolism is lightning-fast.
You like to eat raw meat.
You heal very quickly.
You are covered in fur (AC +1).
You have very tough skin (AC +2).


Message History

You hit the gnoll but do no damage.
The gnoll is almost dead.
The gnoll barely misses you. The gnoll hits you but does no damage.
You hit the gnoll but do no damage.
The gnoll is almost dead.
The gnoll hits you with a spear. The gnoll closely misses you.
You hit the gnoll.
The gnoll is almost dead.
The gnoll misses you.
The gnoll hits you from afar with a spear!
* * * LOW HITPOINT WARNING * * *
You barely miss the gnoll.
The gnoll is almost dead.
The gnoll hits you but does no damage.
The gnoll hits you from afar with a spear.
* * * LOW HITPOINT WARNING * * *
You barely miss the gnoll.
The gnoll is almost dead.
The gnoll hits you with a spear.
You die...

≈..##..## .≈..##..##
≈.≈..##..# ###
§..≈..##.#####.#
§.≈.≈..#....##..
.≈...≈.##...##.#####
≈.§.≈..'....##.#...
.⌠§≈...'....##g#.##
.§.≈..')....oog@.#
≈...≈.##...####).# .≈.≈.
#...# #..# ..≈. #...####..#
#### .≈. ######....# #... §§
##########.##.############.#.
§
#..........##..............#.
#..#########################.
#..# #...........[.........


You could see 2 gnolls and 2 orcs.

Vanquished Creatures
  A gnoll (D:3)
  An adder (D:2)
  A giant gecko (D:1)
  3 orcs (D:3)
  4 bats
  4 hobgoblins
  4 jackals (D:1)
  2 giant cockroaches
  A giant newt (D:2)
  2 goblins
  3 kobolds
  4 rats
30 creatures vanquished.

Notes
Turn   | Place    | Note
--------------------------------------------------------------
     0 | D:1      | QuinteeJr the Troll Berserker began the quest for the Orb.
     0 | D:1      | Reached XP level 1. HP: 22/22 MP: 0/0
   468 | D:1      | Reached XP level 2. HP: 10/29 MP: 1/1
  1059 | D:2      | Reached ** piety under Trog
  1159 | D:2      | Reached XP level 3. HP: 34/36 MP: 2/2
  1392 | D:3      | Reached skill level 3 in Dodging
  1507 | D:3      | Slain by a gnoll

Vault maps used:
D:1:      minmay_arrival_loop, hangedman_decor_slide_cut
D:2:      overflow_temple_1_default, minmay_surrounded
D:3:      kennysheep_cluttered_room

Action                   || total
-------------------------++-------
Melee: Spear             ||   136
       Flail             ||    11
  Eat: Bread ration      ||     2
